AoeStats
← mryendl2410

Black Forest

510119512Analyzed
4v4 RM · 2d ago on Sep 29, 2026· 43m 55s· 8 players
Game mode
Random Map
Map size
Large (8 player)
Population
200
Speed
Normal
Resources
Standard
Victory
Conquest
Starting age
Dark Age
Ending age
Imperial Age
RankedLock teamsTeams togetherTeam positionsShared explorationLock speedFull tech treeHidden civsTurbo modeCheats
Victory
Defeat
🇩🇪 Japanese · Germany
1446
+13
🇬🇧 Persians · United Kingdom
1367
+17
🇦🇷 Mongols · Argentina
1356
+17
🇪🇨 Lithuanians · Ecuador
1345
+17
🇻🇳 Ethiopians · Vietnam
1393
-17
🇺🇸 Bohemians · United States
1384
-16
🇻🇳 Lithuanians · Vietnam
1383
-16
🇨🇳 Jurchens · China
1364
-15
种田妹子
6:54 Loom
11:31 Feudal Age
12:26 Double-Bit Axe
15:22 Castle Age
14:28 Horse Collar
20:15 Wheelbarrow
26:21 Hand Cart
26:36 Fervor
26:49 Bow Saw
30:06 Imperial Age
29:31 Chemistry
28:37 Scale Mail Armor
28:43 Pikeman
29:23 Squires
29:08 Arson
29:28 Heavy Plow
30:42 Chain Mail Armor
30:37 Forging
31:06 Guilds
30:20 Halberdier
32:15 Two-Man Saw
31:27 Town Watch
32:17 Plate Mail Armor
32:15 Siege Engineers
33:15 Iron Casting
33:29 Houfnice
34:26 Wagenburg Tactics
34:41 Conscription
34:53 Bombard Tower
35:21 Caravan
37:15 Fletching
38:26 Blast Furnace
39:24 Bodkin Arrow
piecardinap
7:39 Loom
11:22 Feudal Age
12:33 Double-Bit Axe
16:35 Castle Age
14:29 Gold Mining
18:53 Bow Saw
22:57 Bloodlines
22:54 Scale Barding Armor
23:31 Wheelbarrow
24:05 Stone Mining
30:30 Imperial Age
28:28 Forging
28:39 Chain Barding Armor
28:01 Horse Collar
30:31 Cavalier
31:48 Plate Barding Armor
31:56 Paladin
32:37 Husbandry
33:14 Iron Casting
37:42 Hand Cart
37:46 Fletching
38:21 Conscription
42:37 Chemistry
41:58 Ballistics
41:36 Bodkin Arrow
42:36 Stone Shaft Mining
mryendl2410
3:31 Loom
12:36 Feudal Age
13:47 Double-Bit Axe
13:47 Horse Collar
16:21 Castle Age
15:16 Gold Mining
16:17 Fletching
16:27 Crossbowman
17:06 Bodkin Arrow
21:09 Padded Archer Armor
22:49 Ballistics
24:34 Wheelbarrow
29:03 Imperial Age
27:18 Leather Archer Armor
28:47 Thumb Ring
29:47 Bracer
31:16 Chemistry
32:25 Capped Ram
35:48 Bow Saw
36:43 Ring Archer Armor
36:53 Arbalester
39:58 Scale Mail Armor
40:19 Heavy Plow
41:12 Halberdier
41:53 Squires
42:09 Chain Mail Armor
44:31 Plate Mail Armor
44:13 Forging
Mustafa90
0:45 Loom
13:03 Feudal Age
16:48 Double-Bit Axe
18:35 Wheelbarrow
22:14 Castle Age
22:24 Fishing Lines
26:09 Horse Collar
26:42 Bow Saw
26:37 Gillnets
27:47 Hand Cart
27:20 Town Watch
31:39 Heavy Plow
37:25 Imperial Age
34:59 Gold Mining
35:00 Stone Mining
35:19 Scale Barding Armor
35:24 Forging
35:22 Treadmill Crane
35:48 Siege Engineers
36:04 Ballistics
35:55 Masonry
35:51 Fortified Bastions
35:56 Caravan
37:19 Chain Barding Armor
37:36 Iron Casting
37:42 Bloodlines
37:33 Husbandry
36:55 Light Cavalry
38:44 Plate Barding Armor
37:52 Hussar
40:26 Blast Furnace
39:17 Fletching
39:28 Padded Archer Armor
41:08 Chemistry
40:59 Fortified Wall
42:04 Bodkin Arrow
42:48 Conscription
43:03 Elite Steppe Lancer
Alotta Fagina
12:23 Feudal Age
16:01 Castle Age
13:47 Double-Bit Axe
16:58 Bow Saw
17:17 Horse Collar
18:58 Wheelbarrow
21:02 Fishing Lines
21:22 Gold Mining
23:57 Hand Cart
23:28 Town Watch
24:32 Gillnets
30:52 Imperial Age
29:20 Medium Warships
29:21 Stone Mining
30:09 Gold Shaft Mining
29:37 Heavy Plow
30:06 Caravan
32:31 Two-Man Saw
32:09 Stone Shaft Mining
32:06 Crop Rotation
31:43 Scale Barding Armor
31:48 Forging
31:56 Bloodlines
31:47 Husbandry
32:25 Ballistics
32:05 Elite War Elephant
33:06 Conscription
34:07 Chain Barding Armor
34:22 Iron Casting
35:16 Loom
35:31 Town Patrol
37:43 Chemistry
37:19 Plate Barding Armor
37:44 Blast Furnace
38:01 Citadels
37:46 Fletching
41:26 Bodkin Arrow
the_kiri
0:54 Loom
13:48 Feudal Age
17:38 Castle Age
15:47 Double-Bit Axe
16:54 Town Watch
17:45 Wheelbarrow
17:30 Fishing Lines
19:20 Bow Saw
23:45 Fortified Wall
26:35 Horse Collar
29:15 Heavy Plow
29:05 Gold Mining
29:06 Stone Mining
29:12 Stone Mining
29:39 Hand Cart
33:18 Imperial Age
30:57 Fletching
31:29 Ballistics
32:37 Bodkin Arrow
33:16 Padded Archer Armor
34:30 Bracer
35:31 Chemistry
34:44 Masonry
35:02 Parthian Tactics
34:51 Caravan
35:50 Thumb Ring
36:08 Bloodlines
35:58 Husbandry
36:44 Conscription
38:01 Heavy Cavalry Archer
40:04 Gold Shaft Mining
39:58 Leather Archer Armor
41:49 Two-Man Saw
41:43 Coinage
43:58 Banking
Leobossy
3:48 Loom
12:44 Feudal Age
21:17 Castle Age
19:33 Double-Bit Axe
20:25 Horse Collar
23:49 Bow Saw
24:53 Wheelbarrow
26:32 Heavy Plow
29:54 Redemption
34:25 Imperial Age
32:55 Bloodlines
32:52 Scale Barding Armor
33:39 Hand Cart
34:50 Chain Barding Armor
34:42 Cavalier
37:28 Conscription
38:27 Forging
39:54 Two-Man Saw
39:27 Crop Rotation
38:21 Elite Skirmisher
40:10 Paladin
41:12 Fletching
42:16 Plate Barding Armor
42:26 Bodkin Arrow
tiberio
9:39 Feudal Age
10:07 Feudal Age
13:53 Castle Age
11:51 Double-Bit Axe
12:12 Horse Collar
14:54 Bow Saw
20:45 Fletching
22:50 Wheelbarrow
22:54 Bodkin Arrow
24:47 Gold Mining
24:47 Stone Mining
26:12 Hand Cart
27:00 Caravan
27:20 Heavy Plow
31:48 Imperial Age
29:21 Padded Archer Armor
29:44 Ballistics
31:01 Leather Archer Armor
31:49 Husbandry
32:00 Bloodlines
31:59 Thumb Ring
33:39 Chemistry
33:12 Drill
32:34 Capped Ram
33:09 Elite Mangudai
34:11 Bracer
35:22 Gold Shaft Mining
35:23 Stone Shaft Mining
35:41 Parthian Tactics
35:12 Heavy Scorpion
36:54 Siege Ram
39:36 Siege Engineers
Connection lost

Rejoining the realm…

Still unreachable

The connection could not be restored.

Session expired

The server has moved on; the page needs a fresh start.